 Dungeon Crawl Stone Soup version 0.31-a0-977-gc230f8ef24 (webtiles) character file.

Game seed: 16759358016149318704

40 timneilson the Ruffian (level 3, 0/24 HPs)
             Began as an Octopode Shapeshifter on Oct 29, 2023.
             Slain by a ball python (1 damage)
             ... on level 2 of the Dungeon.
             The game lasted 00:01:29 (808 turns).

timneilson the Ruffian (Octopode Shapeshifter)       Turns: 808, Time: 00:01:30

Health: 0/24       AC:  1    Str: 15    XL:     3   Next: 50%
Magic:  3/3        EV: 10    Int: 12    God:
Gold:   36         SH:  0    Dex: 11    Spells: 2/2 levels left

rFire   . .          .
                       - Unarmed
rCold   . . .        (no shield)
rNeg    . . .        (helmet currently unavailable)
rPois   .            (no amulet)
rElec   .            (no ring)
rCorr   .            (no ring)
SInv    .            (no ring)
Will    .....        (no ring)
Stlth   +++          (no ring)
HPRegen 0.24/turn    (no ring)
MPRegen 0.08/turn    (no ring)
                     (no ring)

%: no passive effects
@: mighty, lethally poisoned (0 -> -9), beast-form, constricted
A: beast (slay +1), almost no armour, amphibious, 8 rings, camouflage 1,
gelatinous body 1, (nimble swimmer 1), tentacles
a: Begin Untransformation


You were on level 2 of the Dungeon.
You were a hulking beast.
You visited 1 branch of the dungeon, and saw 2 of its levels.

You collected 36 gold pieces.

Inventory:

Talismans
 b - a beast talisman
 c - a flux talisman
Potions
 a - a potion of lignification


   Skills:
 * Level 1.7 Fighting
 * Level 2.3 Dodging
 + Level 1.2 Stealth
 * Level 3.2 Unarmed Combat
 + Level 0.3 Spellcasting
 * Level 3.2 Shapeshifting


You had 2 spell levels left.
You didn't know any spells.
Your spell library was empty.

Dungeon Overview and Level Annotations

Branches:
Dungeon (2/15)

Altars:


Innate Abilities, Weirdness & Mutations

You are a hulking beast.
Your limbs bulge with bestial killing power. (Slay +1)
You cannot wear most types of armour.
You are amphibious.
You can wear up to eight rings at the same time.
Your skin changes colour to match your surroundings (Stealth+).
Your rubbery body absorbs attacks. (AC +1, EV +1)
((You are camouflaged when in or above water. (Stealth+)))
You have tentacles for arms and can constrict up to eight enemies at once.


Message History

You start resting.
HP restored.
You climb downwards.
There is a stone staircase leading up here.
A ball python and a giant cockroach come into view.
Found a spear.
The ball python hisses angrily.
You tentacle-slap the kobold. Your grab misses the kobold.
The kobold is moderately wounded.
The kobold hits you with a +2 dagger of venom.
You are poisoned.
You barely miss the kobold. Your grab misses the kobold.
The kobold is moderately wounded.
You feel very sick.
The kobold hits you with a +2 dagger of venom.
You are lethally poisoned!
You closely miss the kobold. Your grab misses the kobold.
The kobold is moderately wounded.
You feel very sick. The ball python barely misses you.
The ball python completely misses you.
A kobold comes into view. It is wielding a +0 short sword.
The kobold closely misses you. The ball python barely misses you.
The ball python grabs you. The ball python constricts you.
The kobold shouts!
You bludgeon the kobold!
You kill the kobold!
* * * LOW HITPOINT WARNING * * *
You feel very sick.
You hear a shout! x2
The ball python bites you.
* * * LOW HITPOINT WARNING * * *
The ball python constricts you.
* * * LOW HITPOINT WARNING * * *
You hear a shout!
It was a potion of might.
You feel very mighty all of a sudden.
* * * LOW HITPOINT WARNING * * *
You feel very sick. The ball python bites you.
You die...

#.# # #..## #.
## ((?.# ... .
..|) # ..#.#.
#$. .#
##...K##.###..#
.......S......#
#....)h.....)#
####...<#..###
........# #
..B....#.#
.###..|#.#
>.......
####..### #..


You could see a giant cockroach, a ball python and a kobold.

Vanquished Creatures
  2 bats (D:1)
  3 endoplasms (D:1)
  3 giant cockroaches (D:1)
  2 goblins (D:1)
  4 hobgoblins (D:1)
  2 jackals (D:1)
  2 quokkas (D:1)
  7 ball pythons (D:1)
  A frilled lizard (D:1)
  6 kobolds
  3 rats (D:1)
35 creatures vanquished.

Notes
Turn   | Place    | Note
-------+----------+-------------------------------------------
     0 | D:1      | timneilson the Octopode Shapeshifter began the quest for
                  | the Orb.
     0 | D:1      | Reached XP level 1. HP: 13/13 MP: 1/1
    66 | D:1      | Reached XP level 2. HP: 13/18 MP: 2/2
   463 | D:1      | Reached XP level 3. HP: 23/23 MP: 3/3
   489 | D:1      | Reached skill level 1 in Stealth
   808 | D:2      | HP: 1/24 [poisoned by a kobold]
   808 | D:2      | Slain by a ball python

Illustrated notes

Levels and vault maps discovered:
D:1:      minmay_arrival_wavy_path, layout_basic
D:2:      minmay_general_purpose_star, layout_loops_ring, st_stairs_10,
          minmay_pentomino_p4, uniq_crazy_yiuf_cottage, uniq_sigmund, uniq_robin

Skill      XL: |  1  2  3 |
---------------+----------+-----
Stealth        | 1 |  1.2
Fighting       | |  1.7
Dodging        | |  2.3
Unarmed Combat | |  3.2
Spellcasting   | |  0.3
Shapeshifting  | |  3.2

Action                     || total
---------------------------++-------
  Melee: Unarmed           ||    62
         Constrict         ||    12
         Tentacles         ||     7
    Use: Scroll            ||     2
         Potion            ||     1
   Stab: Sleeping          ||     4
 Armour: Skin              ||    30
  Dodge: Dodged            ||    57

Table legend: (Time is in decaauts)
 A = Elapsed time spent in this place.
 B = Non-inter-level travel time spent in this place.
 C = Inter-level travel time spent in this place.
 D = Time resting spent in this place.
 E = Time spent auto-exploring this place.
 F = Levels seen in this place.
 G = Mean time per level.
                   A        B        C        D        E       F      G
               +--------+--------+--------+--------+--------+-----+--------+
         Total |    807 |    786 |     21 |     41 |    568 |   2 |  403.5 |
       Dungeon |    807 |    786 |     21 |     41 |    568 |   2 |  403.5 |
               +--------+--------+--------+--------+--------+-----+--------+

Top non-repeatable levels by time:
     D:1: 792 daAuts
     D:2: 15 daAuts
